 Dungeon Crawl Stone Soup version 0.25-a0-890-g62861fb (webtiles) character file.

Game seed: 11382750525713122384, levelgen mode: deterministic

219 BlueFish the Insei (level 5, -3/34 HPs)
             Began as an Octopode Transmuter on May 5, 2020.
             Slain by Grinder (6 damage)
             ... on level 3 of the Dungeon.
             The game lasted 00:05:46 (2664 turns).

BlueFish the Insei (Octopode Transmuter)            Turns: 2664, Time: 00:05:46

Health: -3/34      AC:  1    Str:  7 (10) XL:     5   Next: 96%
Magic:  8/9        EV: 14    Int: 14 (16) God:
Gold:   159        SH:  0    Dex: 14 (16) Spells: 3/9 levels left

rFire    . . .     SeeInvis .     - Unarmed
rCold    . . .     Gourm    .   (no shield)
rNeg     . . .     Faith    .   (helmet restricted)
rPois    .         Spirit   .   (no amulet)
rElec    .         Reflect  .   f - +4 ring of dexterity
rCorr    .         Harm     .   (no ring)
MR       .....                  (no ring)
Stlth    +++.......             (no ring)
HPRegen  0.11/turn              (no ring)
MPRegen  0.11/turn              (no ring)
                                (no ring)
                                (no ring)

@: appendage
A: almost no armour, stealthy swim, amphibious, 8 rings, constrict 8, tentacle
spike 3, camouflage 1, gelatinous body 1
a: End Transformation


You were on level 3 of the Dungeon.
You were hungry.
One of your tentacles had a temporary spike.
You visited 1 branch of the dungeon, and saw 3 of its levels.

You collected 159 gold pieces.

Inventory:

Hand Weapons
 e - a cursed -2 falchion
Missiles
 a - 8 arrows
Jewellery
 f - a +4 ring of dexterity (left tentacle)
Wands
 b - a wand of polymorph (6)
 d - a wand of random effects (21)
Scrolls
 l - 2 scrolls of fog
Potions
 j - a potion of flight
Comestibles
 c - 3 rations
 g - 5 chunks of flesh


   Skills:
 * Level 2.1 Fighting
 * Level 2.7 Dodging
 * Level 2.6 Stealth
 * Level 4.2 Unarmed Combat
 + Level 2.6 Spellcasting
 * Level 3.1 Transmutations
 * Level 0.1 Poison Magic


You had 3 spell levels left.
You knew the following spells:

 Your Spells              Type           Power        Failure   Level  Hunger
a - Beastly Appendage     Tmut           ##....       6%          1    #......
b - Sticks to Snakes      Tmut           ##......     9%          2    ###....
c - Spider Form           Tmut/Pois      #.........   34%         3    ###....

Your spell library contained the following spells:

 Spells                   Type           Power        Failure   Level  Hunger
 Ice Form                 Ice/Tmut       #.......     75%         4    #####..
 Blade Hands              Tmut           ##........   86%         5    ######.


Dungeon Overview and Level Annotations

Branches:
Dungeon (3/15)

Altars:
Ashenzari
Kikubaaqudgha
Makhleb
Qazlal

Annotations:
D:3 Grinder


Innate Abilities, Weirdness & Mutations

You cannot wear most types of armour.
You are very stealthy in the water. (Stealth+)
You are amphibious.
You can wear up to eight rings at the same time.
You can use your tentacles to constrict eight enemies at once.
Your skin changes colour to match your surroundings (Stealth+).
Your rubbery body absorbs attacks. (AC +1, EV +1)
One of your tentacles bears a large vicious spike.


Message History

* * * LOW HITPOINT WARNING * * *
You feel better. Grinder gestures at you. Pain shoots through your body!
* * * LOW HITPOINT WARNING * * *
You feel better. Grinder gestures at you.
You barely resist.
It was a potion of degeneration.
There was something very wrong with that liquid.
You feel weakened.
You feel dopey.
You feel clumsy. Grinder barely misses you.
You barely miss Grinder. You grab Grinder. You squeeze Grinder.
Grinder is moderately wounded.
You constrict Grinder.
You are feeling hungry.
Grinder hits you.
* * * LOW HITPOINT WARNING * * *
You writhe in agony.
You die...

####################
#..)...)............
#.##################
####.#### #..
##...<...###### #..
........5@)......
#..
####.##.##†?#####
#.. ... #.. ..# ###
#.# #.. ..# #. ...
..# #### . .......
.... ... #.## ### .#


You could see Grinder.

Vanquished Creatures
  An orc priest (D:3)
  Natasha (thrice) (D:2)
  2 gnolls (D:2)
  3 adders (D:2)
  An ooze (D:1)
  A worm (D:3)
  2 leopard geckos
  2 orcs (D:3)
  A giant cockroach (D:1)
  7 goblins
  8 hobgoblins
  2 jackals (D:2)
  2 kobolds
  3 ball pythons
  8 bats
  7 frilled lizards
  6 rats
59 creatures vanquished.

Vanquished Creatures (collateral kills)
  A gnoll (D:2)
  A kobold (D:2)
2 creatures vanquished.

Grand Total: 61 creatures vanquished

Notes
Turn   | Place    | Note
-------+----------+-------------------------------------------
     0 | D:1      | BlueFish the Octopode Transmuter began the quest for the
                  | Orb.
     0 | D:1      | Reached XP level 1. HP: 13/13 MP: 3/3
   194 | D:1      | Reached XP level 2. HP: 18/18 MP: 3/5
   314 | D:1      | Learned a level 2 spell: Sticks to Snakes
   453 | D:1      | Reached skill level 1 in Stealth
   453 | D:1      | Reached XP level 3. HP: 18/23 MP: 4/6
  1019 | D:2      | Reached XP level 4. HP: 12/28 MP: 5/7
  1382 | D:2      | Noticed Natasha
  1402 | D:2      | Killed Natasha
  1625 | D:2      | Found a faded altar of an unknown god.
  1625 | D:2      | Found an ancient bone altar of Kikubaaqudgha.
  1630 | D:2      | Found a burning altar of Makhleb.
  1632 | D:2      | Found a stormy altar of Qazlal.
  1633 | D:2      | Found a shattered altar of Ashenzari.
  1677 | D:2      | Noticed Natasha
  1685 | D:2      | Killed Natasha
  1685 | D:2      | Reached skill level 4 in Unarmed Combat
  1685 | D:2      | Reached XP level 5. HP: 16/34 MP: 6/8
  1701 | D:2      | Noticed Natasha
  1843 | D:2      | Killed Natasha
  2533 | D:3      | Learned a level 3 spell: Spider Form
  2645 | D:3      | Noticed Grinder
  2656 | D:3      | Paralysed by Grinder for 2 turns
  2658 | D:3      | HP: 1/34 [Grinder (9)]
  2664 | D:3      | Slain by Grinder

Levels and vault maps discovered:
D:1:      saegor_arrival_miasma, layout_basic, minivault_14,
          minmay_misc_feat_roman
D:2:      layout_basic, chequers_temple_overflow_minitemple,
          minmay_heptomino_o4, uniq_natasha
D:3:      layout_basic, grunt_temple_overflow_gold_and_silver, uniq_grinder

Skill      XL: |  1  2  3  4  5 |
---------------+----------------+-----
Stealth        | 1 2 |  2.6
Unarmed Combat | 4 |  4.2
Fighting       | 2 |  2.1
Transmutations | 3 |  3.1
Dodging        | |  2.7
Spellcasting   | |  2.6
Poison Magic   | |  0.1

Action                   |  1- 3 |  4- 6 || total
-------------------------+-------+-------++-------
Melee: Unarmed           |    69 |    56 ||   125
       Kick              |    19 |    16 ||    35
       Constrict         |    17 |    17 ||    34
       Tentacles         |     4 |    11 ||    15
       Punch             |     2 |     3 ||     5
 Cast: Beastly Appendage |    24 |    21 ||    45
       Sticks to Snakes  |       |     4 ||     4
  Use: Scroll            |     2 |     4 ||     6
       Potion            |       |     4 ||     4
 Stab: Sleeping          |     4 |     4 ||     8
  Eat: Chunk             |     1 |     5 ||     6
Armor: Skin              |     5 |     5 ||    10
Dodge: Dodged            |    36 |    31 ||    67

Table legend:
 A = Non-vault XP
 B = Vault XP
 C = Vault XP percentage of total XP
 D = Non-vault monster count
 E = Vault monster count
 F = Vault count percentage of total count
                 A         B        C        D         E       F
            +---------+---------+-------+---------+---------+-------
      Total |     260 |      54 |  17.2 |      57 |       4 |   6.6
            +---------+---------+-------+---------+---------+-------
        D:1 |      42 |       0 |   0.0 |      23 |       0 |   0.0
        D:2 |     159 |      54 |  25.4 |      26 |       4 |  13.3
        D:3 |      59 |       0 |   0.0 |       8 |       0 |   0.0
            +---------+---------+-------+---------+---------+-------
